 Dungeon Crawl Stone Soup version 0.27.0-1-g7a089689b8 (webtiles) character file.

Game seed: 4059711784818027933

57 Carnifexus the Skirmisher (level 3, 0/29 HPs)
             Began as a Demonspawn Abyssal Knight on Aug 7, 2021.
             Was a Believer of Lugonu.
             Slain by Grinder (5 damage)
             ... on level 3 of the Dungeon.
             The game lasted 00:03:50 (3025 turns).

Carnifexus the Skirmisher (DsAK)                    Turns: 3025, Time: 00:03:51

Health: 0/29       AC:  4    Str: 13    XL:     3   Next: 73%
Magic:  4/4        EV: 11    Int: 13    God:    Lugonu [**....]
Gold:   116        SH:  0    Dex: 12    Spells: 2/2 levels left

rFire    . . .     SeeInvis .   e - +0 glaive
rCold    . . .     Faith    .   (shield currently unavailable)
rNeg     . . .     Spirit   .   b - +0 leather armour
rPois    .         Reflect  .   k - +0 helmet
rElec    .         Harm     .   (no cloak)
rCorr    .         Rampage  .   (no gloves)
Will     .....                  (no boots)
Stlth    +.........             (no amulet)
HPRegen  0.09/turn              (no ring)
MPRegen  0.09/turn              (no ring)

@: no status effects
A: talons 1
a: Renounce Religion, Depart the Abyss, Bend Space


You were on level 3 of the Dungeon.
You worshipped Lugonu.
Lugonu was pleased with you.
You visited 1 branch of the dungeon, and saw 3 of its levels.
You visited the Abyss 1 time.

You collected 116 gold pieces.

Inventory:

Hand Weapons
 a - a +1 falchion
 e - a +0 glaive (weapon)
 g - a +0 hand axe of electrocution
Armour
 b - a +0 leather armour (worn)
 k - a +0 helmet (worn)
Scrolls
 c - a scroll of enchant armour {unknown}
 d - a scroll of enchant weapon {unknown}
 i - a scroll of identify {unknown}
 j - a scroll of magic mapping {unknown}
 l - 2 scrolls of fear {unknown}
 m - 2 scrolls of teleportation {unknown}
 n - a scroll of fog {unknown}
Potions
 f - 3 potions of haste {unknown}
 h - 2 potions of attraction {unknown}
 o - 2 potions of curing {unknown}


   Skills:
 + Level 3.6 Fighting
 + Level 1.8 Long Blades
 + Level 1.4 Polearms
 + Level 2.1 Armour
 + Level 1.4 Dodging
 + Level 0.6 Stealth
 + Level 2.4 Invocations


You had 2 spell levels left.
You didn't know any spells.
Your spell library contained the following spells:

 Spells                   Type           Power      Damage    Failure   Level
 Summon Ice Beast         Ice/Summ       0%         N/A       98%         4
 Summon Mana Viper        Hex/Summ       0%         N/A       100%        5
 Monstrous Menagerie      Summ           0%         N/A       100%        7


Dungeon Overview and Level Annotations

Branches:
Dungeon (3/15)

Altars:
Qazlal

Annotations:
D:3 Grinder


Innate Abilities, Weirdness & Mutations

You have sharp toenails.


Message History

o - 2 dark potions You feel sick.
You are no longer poisoned.
You see here a +0 dagger of venom.
You see here a +0 helmet.
A rat is nearby!
You slash the rat!
You kill the rat!
Lugonu accepts your kill.
You see here a rat corpse.
You open the door.
There is an open door here.
f - 3 bubbling yellow potions (gained 1) Grinder comes into view.
Grinder shouts!
Grinder blinks!
Grinder says, "DUCK!"
Grinder misses you.
Found 10 gold pieces.
You hit Grinder. Your kick misses Grinder.
Grinder is lightly wounded.
Grinder says, "You look like you could use a good racking."
Grinder hits you.
You writhe in agony.
You hit Grinder. You claw Grinder, but do no damage.
Grinder is lightly wounded.
Grinder hits you but does no damage. Grinder barely misses you.
You slash Grinder!
Grinder is heavily wounded.
Grinder gestures at you.
You barely resist. Grinder hits you but does no damage.
You closely miss Grinder. You claw Grinder.
Grinder is heavily wounded.
Grinder gestures at you. Pain shoots through your body!
You barely miss Grinder. You claw Grinder, but do no damage.
Grinder is heavily wounded.
Grinder hits you.
* * * LOW HITPOINT WARNING * * *
You writhe in agony.
You die...

#.# #.. .$ #.###.# .#
###...... ##.##
#........ #...
#.#...##. #..# #.#
#.#...... #..# #.#
#.#.###.. #5.# #.#
#.#.# #.. #@.# #.#
#.#.###.. #.## #.#
#.#...... ##.## #.#
#<.......
####...###.#######...#
+.....................
####...###########...#
##.## #########..##
#.# ............. #.#
.....P...P...


You could see Grinder.

Vanquished Creatures
  An adder (D:3)
  A dart slug (D:1)
  An endoplasm (D:2)
  2 giant cockroaches
  3 goblins
  4 hobgoblins
  6 jackals (D:1)
  4 kobolds
  2 quokkas (D:2)
  7 ball pythons
  3 bats
  4 frilled lizards
  4 rats
42 creatures vanquished.

Vanquished Creatures (others)
  17 plants (D:3)
17 creatures vanquished.

Grand Total: 59 creatures vanquished

Notes
Turn   | Place    | Note
-------+----------+-------------------------------------------
     0 | Abyss:1  | Carnifexus the Demonspawn Abyssal Knight began the quest
                  | for the Orb.
     0 | Abyss:1  | Reached XP level 1. HP: 18/18 MP: 2/2
    55 | Abyss:1  | Noticed an iron imp
    73 | Abyss:1  | Noticed an orc sorcerer
    75 | D:1      | Escaped the Abyss
   289 | D:1      | Reached * piety under Lugonu
   296 | D:1      | Gained mutation: You have sharp toenails. [demonic
                  | ancestry]
   296 | D:1      | Reached XP level 2. HP: 15/24 MP: 3/3
   757 | D:1      | Reached skill level 1 in Dodging
  1277 | D:1      | Reached skill level 1 in Polearms
  1471 | D:1      | Reached XP level 3. HP: 29/29 MP: 4/4
  2102 | D:2      | Found a stormy altar of Qazlal.
  2342 | D:2      | Reached ** piety under Lugonu
  3015 | D:3      | Noticed Grinder
  3025 | D:3      | Slain by Grinder

Illustrated notes

Levels and vault maps discovered:
D:1:      dpeg_arrival_rooms_c, layout_loops_corners
D:2:      layout_loops_ring, basic_altar
D:3:      layout_loops_corners, serial_shops, nicolae_shop_statue_plus,
          kennysheep_boxes, uniq_crazy_yiuf_cottage, uniq_robin, uniq_grinder

Skill      XL: |  1  2 |
---------------+-------+-----
Armour         | 2 |  2.1
Dodging        | 1 |  1.4
Polearms       | 1 |  1.4
Fighting       | |  3.6
Long Blades    | |  1.8
Stealth        | |  0.6
Invocations    | |  2.4

Action                   || total
-------------------------++-------
Melee: Glaive            ||   135
       Kick              ||    26
Invok: Depart the Abyss  ||     1
Armor: Leather armour    ||    67
Dodge: Dodged            ||   124
